 Dungeon Crawl Stone Soup version 0.31.0-12-g77e489cdc1 (webtiles) character file.

Game seed: 18134054457409914409

2552 Dvallin the Mimic (level 9, -10/78 (85) HPs)
             Began as a Yellow Draconian Shapeshifter on Feb 19, 2024.
             Was an Elder of Okawaru.
             Mangled by a wight
             ... wielding a +3 battleaxe of freezing
              (11 damage)
             ... on level 6 of the Dungeon.
             The game lasted 00:12:20 (6028 turns).

Dvallin the Mimic (Yellow Draconian Shapeshifter)   Turns: 6028, Time: 00:12:20

HP:   -10/78 (85)   AC:  9    Str: 22    XL:     9   Next: 31%
MP:   9/9           EV: 10    Int: 10    God:    Okawaru [****..]
Gold: 335           SH:  0    Dex: 15    Spells: 8/8 levels left

rFire   . .          .
                       - Unarmed
rCold   . . .        (shield currently unavailable)
rNeg    . . .        (body armour unavailable)
rPois   +            (helmet currently unavailable)
rElec   .            (cloak currently unavailable)
rCorr   .            (gloves currently unavailable)
SInv    .            (boots currently unavailable)
Will    .....        (no amulet)
Stlth   +            (no ring)
HPRegen 0.33/turn    (no ring)
MPRegen 0.11/turn

%: no passive effects
@: snake-form, drained
A: constrict, boosted hp, (spit acid), AC +7, large, unfitting armour,
(cold-blooded), (acid resistance)
a: Begin Untransformation, Renounce Religion, Heroism, Finesse


You were on level 6 of the Dungeon.
You worshipped Okawaru.
Okawaru was greatly pleased with you.
You were an enormous serpent.
You visited 1 branch of the dungeon, and saw 6 of its levels.
You also visited: Ossuary.

You collected 335 gold pieces.

Inventory:

Armour
 a - a +0 tower shield
Jewellery
 w - an amulet of magic regeneration
 C - a +5 ring of evasion
Talismans
 b - a beast talisman
 c - a flux talisman
 f - a blade talisman
 m - a serpent talisman (active)
Wands
 u - a wand of light (1)
Scrolls
 d - a scroll of blinking {unknown}
 e - a scroll of teleportation {unknown}
 g - 3 scrolls of revelation
 h - a scroll of immolation
 i - a scroll of fog {unknown}
 j - 2 scrolls of brand weapon {unknown}
 l - 4 scrolls of identify {unknown}
 n - 2 scrolls of noise {unknown}
 p - a scroll of vulnerability {unknown}
 r - a scroll of enchant armour {unknown}
 s - 2 scrolls of fear {unknown}
 v - 3 scrolls of amnesia {unknown}
 x - a scroll of enchant weapon {unknown}
 y - a scroll of poison {unknown}
Potions
 k - 3 potions of mutation {unknown}
 o - 2 potions of degeneration {unknown}
 q - 5 potions of brilliance {unknown}
 t - 3 potions of curing
 z - a potion of attraction {unknown}
 A - a potion of enlightenment {unknown}
 B - a potion of resistance {unknown}


   Skills:
 + Level 4.2 Fighting
 - Level 1.7 Dodging
 * Level 6.4 Unarmed Combat
 + Level 10.3 Shapeshifting


You had 8 spell levels left.
You didn't know any spells.
Your spell library contained the following spells:

 Spells                   Type           Power      Damage    Failure   Level
 Sandblast                Erth           0%         2d4       36%         1
 Blink                    Tloc           0%         N/A       50%         2
 Lesser Beckoning         Tloc           0%         N/A       50%         2
 Momentum Strike          Conj/Tloc      0%         3d8       50%         2
 Dazzling Flash           Conj/Hex       0%         N/A       75%         3
 Mephitic Cloud           Conj/Alch/Air  0%         N/A       75%         3
 Passwall                 Erth           0%         N/A       75%         3
 Stone Arrow              Conj/Erth      0%         3d7       75%         3
 Brom's Barrelling Bould  Conj/Erth      0%         2d3       98%         4
 Curse of Agony           Necr           0%         N/A       100%        5
 Silence                  Hex/Air        0%         N/A       100%        5


Dungeon Overview and Level Annotations

Branches:
Dungeon (6/15)             Temple (0/1) D:5         Ossuary (visited)

Altars:
Gozag
Hepliaklqana
Nemelex Xobeh
Okawaru


Innate Abilities, Weirdness & Mutations

You are an enormous serpent.
You have a powerful constriction melee attack.
Your maximum health is increased.
Your armour is entirely melded.
You are incapable of wielding weapons or throwing items.
((You can spit globs of acid.))
((Your golden yellow scales are hard. (AC +7)))
You cannot fit into any form of body armour.
((You are cold-blooded and may be slowed by cold attacks.))
((You are resistant to acid. (rCorr)))


Message History

The wight hits you with a +0 morningstar!
You hit the wight but do no damage.
The wight is moderately damaged.
You constrict the wight.
The wight hits you with a +0 morningstar!
You feel drained.
You body-slam the wight!!
You destroy the wight!
Okawaru accepts your kill.
You barely miss the wight. You grab the wight. You constrict the wight.
The wight hits you with a +3 battleaxe of freezing!
You feel drained. The wight freezes you.
* * * LOW HITPOINT WARNING * * *
You are too injured to fight recklessly!
You are too injured to fight recklessly!
A wight is nearby!
You are too injured to fight recklessly!
You are too injured to fight recklessly!
Unknown command.
You completely miss the wight.
The wight is lightly damaged.
You constrict the wight.
The wight hits you with a +3 battleaxe of freezing!
* * * LOW HITPOINT WARNING * * *
The wight freezes you.
* * * LOW HITPOINT WARNING * * *
It was a potion of curing.
You feel better.
You constrict the wight, but do no damage.
The wight hits you with a +3 battleaxe of freezing.
* * * LOW HITPOINT WARNING * * *
You feel drained.
* * * LOW HITPOINT WARNING * * *
The wight freezes you.
* * * LOW HITPOINT WARNING * * *
Unknown command.
You lash the wight!
The wight is almost destroyed.
You constrict the wight.
The wight hits you with a +3 battleaxe of freezing!
You die...

####..####...#....#,,,,*
.#.....###...#....#.,..*
........##...#........##
.........#........##...#
.......#......#...#...,*
.#.........#..#......,**
.#.................#***
.#..............)z.#**#
........#.......S.#...#*
.......................#*
......###.........#.....*
..................#,....******
..........#...#####,*#..,,,,,**
.#.###...##.......*,,,,.,,,,,,*
.#.###.###........,,,,,*,,,,,**
..................,,,,,*,,,,**
......#...........,,,,,,,*,,*


You could see a wight.

Vanquished Creatures
  A water moccasin (D:6)
  3 black bears (D:5)
  2 sky beasts (D:5)
  A phantom (D:5)
  A centaur (D:5)
  4 elf zombies (Ossuary)
  3 wights (D:6)
  6 scorpions
  A howler monkey (D:6)
  3 centaur zombies (Ossuary)
  3 hounds
  3 human zombies (Ossuary)
  An orc priest (D:6)
  A bombardier beetle (D:4)
  2 gnoll boudas
  A spectral scorpion (Ossuary)
  2 jellies (D:5)
  2 iguanas
  3 orc wizards (D:4)
  A sleepcap (D:5)
  3 mummies (Ossuary)
  16 gnolls
  6 adders
  2 ufetubi (D:6)
  A ribbon worm (D:2)
  23 orcs
  6 bats
  8 endoplasms
  2 giant cockroaches (D:4)
  5 goblins
  9 hobgoblins
  7 jackals
  6 quokkas
  6 ball pythons
  5 frilled lizards
  2 goblin zombies (D:6)
  11 kobolds
  6 rats
168 creatures vanquished.

Notes
Turn   | Place    | Note
-------+----------+-------------------------------------------
     0 | D:1      | Dvallin the Draconian Shapeshifter began the quest for the
                  | Orb.
     0 | D:1      | Reached XP level 1. HP: 16/16 MP: 1/1
    85 | D:1      | Reached XP level 2. HP: 19/23 MP: 2/2
   606 | D:1      | Found a faded altar of an unknown god.
   704 | D:2      | Found an iron altar of Okawaru.
   739 | D:2      | Became a worshipper of Warmaster Okawaru
   785 | D:2      | Reached XP level 3. HP: 23/29 MP: 3/3
  1474 | D:3      | Reached XP level 4. HP: 21/37 MP: 4/4
  1779 | D:3      | Reached XP level 5. HP: 28/42 MP: 5/5
  2467 | D:4      | Reached skill level 5 in Unarmed Combat
  2467 | D:4      | Reached skill level 4 in Shapeshifting
  2784 | D:4      | Reached * piety under Okawaru
  2785 | D:4      | Reached XP level 6. HP: 22/51 MP: 6/6
  2808 | D:4      | Reached skill level 5 in Shapeshifting
  3349 | D:4      | Found a hazy altar of Hepliaklqana.
  3509 | D:5      | Entered Level 5 of the Dungeon
  3626 | D:5      | Found an opulent altar of Gozag.
  3675 | D:5      | Reached skill level 6 in Shapeshifting
  3675 | D:5      | Your scales start taking on a golden yellow colour.
  3675 | D:5      | Reached XP level 7. HP: 21/57 MP: 4/7
  3675 | D:5      | Gained mutation: You are resistant to acid. (rCorr) [Yellow
                  | Draconian growth]
  3835 | D:5      | Found a staircase to the Ecumenical Temple.
  4119 | D:5      | Reached skill level 7 in Shapeshifting
  4128 | D:5      | Found a sparkling altar of Nemelex Xobeh.
  4152 | D:5      | Reached ** piety under Okawaru
  4578 | D:5      | Reached XP level 8. HP: 63/63 MP: 8/8
  4621 | D:5      | Reached skill level 8 in Shapeshifting
  4936 | D:6      | Found a sand-covered staircase.
  4951 | Ossuary  | Entered an ossuary
  4979 | Ossuary  | Reached *** piety under Okawaru
  4980 | Ossuary  | Reached skill level 9 in Shapeshifting
  5244 | Ossuary  | Reached skill level 10 in Shapeshifting
  5374 | D:6      | Reached XP level 9. HP: 61/70 MP: 9/9
  5553 | D:6      | Reached **** piety under Okawaru
  6027 | D:6      | HP: 2/78 [wight/+3 battleaxe of freezing (3)]
  6028 | D:6      | Mangled by a wight

Illustrated notes

Levels and vault maps discovered:
D:1:      shiori_shiawase, layout_basic, shapermc_ecumenical_altar_flowoftime
D:2:      layout_loops_ring, basic_altar, dreamdust_wishing_well,
          chequers_mini_garden
D:3:      layout_basic
D:4:      layout_basic, kennysheep_little_box, minmay_fractal_squares_5
D:5:      layout_basic, mainiacjoe_overflow_alcove_2, lemuel_round_altar,
          minmay_temple_entry_sparse_star
D:6:      layout_cave_pools, mainiacjoe_overflow_alcove_1, enter_ossuary_4

Skill      XL: |  1  2  3  4  5  6  7  8  9 |
---------------+----------------------------+-----
Fighting       | 2 3 4 |  4.2
Unarmed Combat | 4 5 6 |  6.4
Shapeshifting  | 4 6 7 10 | 10.3
Dodging        | |  1.7

Action                     |  1- 3 |  4- 6 |  7- 9 || total
---------------------------+-------+-------+-------++-------
  Melee: Unarmed           |   132 |   205 |   261 ||   598
         Tailslap          |    17 |    11 |    38 ||    66
         Punch             |     3 |     1 |     3 ||     7
         Constrict         |       |       |    21 ||    21
 Invoke: Heroism           |       |     1 |       ||     1
Ability: Breathe Acid      |       |       |     4 ||     4
  Evoke: Wand              |       |     6 |       ||     6
    Use: Potion            |       |     2 |     1 ||     3
         Scroll            |       |       |     2 ||     2
   Stab: Sleeping          |     2 |       |       ||     2
 Armour: Skin              |    84 |   148 |   182 ||   414
  Dodge: Dodged            |    68 |   115 |   157 ||   340
   Form: Serpent           |       |       |     1 ||     1
         Flux              |       |       |     1 ||     1
